Map: 隨從 - 天梯版

Players

Yellow

  • Race: Terran Terran
  • League: Diamond
  • Spawn Location: 1:00

飛蛙 - Winner!

  • Race: Zerg Zerg
  • League: Diamond
  • Spawn Location: 7:00

VOD

Have the link to the VOD?

Description

Time

  • Played on: Aug. 12, 2017, 1:54 p.m.
  • Length: 15:58
Show
View Real Time Build Order
Export as new Build Order

Yellow Terran 

Build Orders: Reaper Expand, MMM Bio 

Get SALT Encoding   

  12  0:00  SCV  
  13  0:12  SCV  
  14  0:17  Supply Depot  
  14  0:29  SCV  
  15  0:40  Barracks  
  15  0:41  SCV  
  16  0:44  Refinery  
  16  0:53  SCV  
  17  1:05  SCV  
  18  1:17  SCV  
  19  1:29  Reaper  
  19  1:30  Orbital Command  
  20  1:41  Command Center  
  20  1:51  Refinery  
  20  1:58  SCV, Supply Depot  
  21  2:10  SCV  
  22  2:15  Factory  
  22  2:21  Barracks Reactor  
  22  2:22  SCV  
  23  2:34  SCV  
  24  2:46  SCV  
  25  2:54  Orbital Command  
  25  3:00  SCV  
  25  3:04  Marine x2  
  28  3:07  Engineering Bay  
  28  3:09  Factory Tech Lab  
  28  3:12  Starport  
  28  3:15  Barracks x2  
  29  3:20  SCV x2  
  29  3:23  Marine  
  29  3:26  Marine  
  32  3:32  SCV  
  33  3:35  Terran Infantry Weapons Level 1  
  33  3:37  SCV  
  34  3:42  Supply Depot  
  34  3:44  SCV  
  35  4:02  Stimpack  
  35  4:05  Widow Mine x2  
  35  4:06  Medivac  
  35  4:07  Barracks Reactor  
  35  4:08  Barracks Reactor  
  35  4:09  SCV x2  
  42  4:13  Refinery  
  42  4:19  Supply Depot  
  42  4:21  SCV  
  42  4:22  Supply Depot  
  43  4:30  SCV  
  44  4:33  SCV  
  44  4:35  Widow Mine x2  
  44  4:37  Medivac  
  51  4:42  SCV  
  51  4:45  SCV  
  53  4:50  Marine x3  
  53  4:51  Marine  
  57  4:54  SCV  
  57  4:57  SCV  
  59  5:05  Marauder, Widow Mine  
  59  5:06  SCV, Widow Mine  
  66  5:09  SCV  
  66  5:11  Supply Depot  
  66  5:12  Supply Depot  
  66  5:14  Supply Depot  
  67  5:18  SCV  
  67  5:20  Marine x2, Barracks Reactor  
  70  5:32  Medivac  
  70  5:33  Marauder, Refinery  
  70  5:34  Widow Mine x2  
  78  5:38  Supply Depot, Marine x2  
  78  5:41  SCV x2, Supply Depot  
  82  5:49  Liberator  
  82  5:54  Marine  
  83  6:02  Marine x2  
  83  6:03  Marine, Combat Shields  
  86  6:06  Medivac  
  86  6:07  Command Center  
  91  6:12  Marauder  
  91  6:13  SCV x2  
  91  6:14  Marine  
  96  6:20  Marine  
  93  6:31  Marine x3  
  90  6:33  Marine  
  90  6:38  Marine  
  92  6:44  Liberator  
  90  6:51  Marauder  
  81  6:55  Marine x2  
  81  6:56  Marine  
  81  7:00  Marine  
  77  7:01  Medivac, Widow Mine  
  77  7:02  Widow Mine  
  77  7:03  SCV x2  
  77  7:06  Terran Infantry Armor Level 1  
  84  7:13  Marauder, Marine x3  
  89  7:15  SCV  
  89  7:16  SCV  
  89  7:20  Orbital Command  
  91  7:25  Marine  
  91  7:26  Missile Turret  
  91  7:27  Liberator  
  91  7:28  SCV x2  
  94  7:30  Widow Mine x2  
  94  7:31  Marine, Barracks  
  94  7:32  Barracks  
  99  7:40  SCV  
  99  7:42  Marine x2  
  99  7:43  Marauder  
  104  7:44  Medivac  
  104  7:47  SCV  
  104  7:48  SCV  
  104  7:49  Missile Turret  
  111  7:52  SCV  
  111  7:53  Supply Depot  
  111  7:55  Supply Depot  
  112  7:59  SCV  
  112  8:00  SCV, Armory  
  112  8:02  Marine x3  
  112  8:03  Supply Depot, Marine, Liberator  
  112  8:04  SCV, Engineering Bay  
  119  8:09  Supply Depot  
  119  8:13  Marine  
  122  8:20  Marine x2  
  122  8:23  Marine x2, Concussive Shells  
  128  8:27  Liberator, Barracks Tech Lab  
  128  8:30  Barracks Reactor  
  128  8:32  Marauder  
  129  8:36  SCV x2  
  129  8:41  Marine x3  
  133  8:42  Marine  
  133  8:45  Widow Mine x2  
  142  8:49  Command Center  
  142  8:53  Marauder  
  144  8:58  Marine  
  128  9:32  Liberator  
  101  9:43  Marine x4  
  101  9:44  Marauder  
  96  9:48  Marine  
  96  9:49  Marine x2, Medivac  
  96  9:50  Widow Mine x2  
  103  9:55  SCV x2  
  103  9:57  Refinery  
  103  9:59  Refinery  
  105  10:01  Marine x3, Terran Infantry Weapons Level 2, Terran Infantry Armor Level 2  
  105  10:04  Starport, Terran Ship Weapons Level 1  
  105  10:05  Supply Depot, Marauder  
  110  10:07  Supply Depot, SCV x2, Planetary Fortress  
  112  10:14  SCV  
  112  10:16  Marine x3  
  112  10:17  Marine  
  112  10:19  SCV, Medivac  
  120  10:27  Marine x3, Marauder  
  116  10:34  Marine  
  116  10:35  Marauder  
  119  10:36  Sensor Tower  
  119  10:38  SCV  
  119  10:41  Medivac  
  119  10:42  Marine x2  
  124  10:43  Starport Tech Lab  
  124  10:44  Starport  
  124  10:46  SCV  
  124  10:48  Marauder  
  127  10:50  SCV  
  127  10:52  Unknown x4  
  128  10:58  Marine x2  
  128  10:59  Liberator, Marine x2, Marauder  
  133  11:09  Missile Turret  
  117  11:13  Marine x3  
  117  11:15  Banshee  
  117  11:16  Medivac, Marine  
  129  11:21  Marauder  
  129  11:23  Marine x2  
  129  11:24  Supply Depot x2, Marine  
  134  11:26  Supply Depot  
  134  11:28  Supply Depot, Starport Tech Lab  
  134  11:29  Liberator  
  134  11:31  Marine  
  135  11:34  Fusion Core  
  135  11:35  Widow Mine x2  
  135  11:36  Marine x3  
  142  11:41  SCV x2  
  142  11:42  Marauder  
  142  11:43  Refinery x2  
  142  11:45  SCV  
  150  11:47  Marine  
  150  11:48  Marine x2  
  150  11:53  SCV x2  
  155  11:54  Marauder  
  155  11:56  Liberator  
  155  11:57  SCV  
  156  12:01  Missile Turret  
  156  12:04  Command Center  
  156  12:06  Marine x2  
  156  12:07  Marine x3  
  156  12:08  Marauder, Banshee x2  
  166  12:11  Cloaking Field  
  172  12:23  Marine x2  
  172  12:24  Marine  
  172  12:28  Liberator, SCV x2  
  172  12:29  SCV, Marauder  
  180  12:40  SCV  
  180  12:41  SCV  
  180  12:43  Marine x2  
  180  12:44  Marine x3, Marauder  
  185  12:48  Widow Mine x2  
  196  12:52  Sensor Tower  
  196  12:55  Bunker  
  196  12:59  Liberator, Supply Depot  
  196  13:03  Supply Depot  
  196  13:05  Supply Depot  
  196  13:07  Supply Depot  
  196  13:10  Supply Depot  
  196  13:17  Orbital Command  
  196  13:19  Marine x2  
  200  13:56  Refinery  
  200  13:57  Refinery  
  200  13:58  Supply Depot  
  200  14:15  Command Center  
  200  14:21  Banshee  
  200  14:22  Banshee  
  192  14:26  Liberator  
  192  14:27  Liberator  
  146  14:37  Marine x3  
  146  14:38  Marauder  
  119  14:44  Marine x3  
  119  14:45  Marine  
  115  14:59  Marauder, Marine x2  
  112  15:00  Marine  
  112  15:02  Marine, Widow Mine x2  
  112  15:03  Marauder  
  112  15:04  Banshee  
  112  15:05  Banshee  
  127  15:18  Marine x4  
  127  15:20  Marauder, Unknown x3  
Show
View Real Time Build Order
Export as new Build Order

飛蛙 Zerg - Winner!

Build Orders: Hatch First 

Get SALT Encoding   

  12  0:01  Drone  
  13  0:12  Overlord  
  13  0:17  Drone  
  14  0:31  Drone  
  14  0:32  Drone  
  14  0:34  Drone  
  17  0:53  Hatchery  
  17  0:56  Drone  
  17  1:00  Drone  
  18  1:10  Extractor  
  17  1:14  Spawning Pool  
  17  1:17  Drone  
  17  1:20  Drone  
  18  1:28  Drone  
  19  1:38  Drone  
  20  1:49  Hatchery  
  19  2:01  Queen  
  21  2:02  Zergling x2  
  21  2:04  Zergling x2  
  23  2:11  Metabolic Boost  
  23  2:14  Drone  
  24  2:17  Drone  
  24  2:22  Drone  
  26  2:30  Queen  
  28  2:50  Pneumatized Carapace  
  28  2:53  Overlord  
  28  3:02  Drone x5  
  33  3:08  Drone  
  33  3:11  Queen  
  36  3:14  Queen  
  36  3:19  Drone x2  
  40  3:26  Drone x2  
  42  3:38  Overlord x2  
  42  3:51  Extractor  
  42  3:53  Drone  
  42  4:06  Drone x13  
  55  4:25  Spore Crawler  
  55  4:30  Spore Crawler  
  53  4:32  Baneling Nest  
  53  4:34  Spore Crawler  
  53  4:36  Zergling x2  
  53  4:37  Zergling x12  
  58  4:48  Overlord  
  58  4:49  Overlord  
  58  5:01  Overlord  
  58  5:05  Lair  
  58  5:09  Evolution Chamber  
  58  5:11  Evolution Chamber  
  56  5:16  Baneling x3  
  56  5:17  Baneling  
  56  5:18  Drone x3  
  59  5:23  Drone x2  
  59  5:24  Drone x2  
  59  5:25  Drone x6  
  59  5:26  Drone x2  
  59  5:28  Zergling x6  
  74  5:36  Overlord x2  
  74  5:47  Zerg Melee Weapons Level 1  
  74  5:48  Zerg Ground Armor Level 1  
  74  5:53  Queen x2  
  77  6:01  Baneling x4  
  77  6:02  Zergling x20  
  87  6:10  Overseer  
  86  6:30  Baneling  
  86  6:31  Baneling, Zergling x2  
  86  6:32  Zergling x8  
  89  6:51  Zergling x2  
  89  6:52  Zergling x2  
  90  6:59  Drone  
  90  7:00  Drone x6  
  73  7:05  Drone x2  
  75  7:15  Drone x2  
  76  7:16  Drone x3  
  80  7:23  Centrifical Hooks  
  80  7:25  Hydralisk Den  
  80  7:27  Extractor  
  78  7:34  Queen  
  78  7:35  Drone x2, Hatchery  
  81  7:37  Drone x4  
  81  7:41  Extractor  
  81  7:42  Extractor  
  83  7:48  Drone  
  83  7:49  Drone x2  
  83  7:50  Zerg Melee Weapons Level 2  
  86  7:53  Overlord x2  
  86  7:54  Overlord x2  
  86  7:58  Hatchery  
  85  8:13  Muscular Augments  
  85  8:16  Extractor  
  85  8:19  Drone x3  
  90  8:20  Drone x7  
  90  8:23  Hydralisk  
  96  8:30  Baneling  
  96  8:31  Baneling x2  
  96  8:39  Hydralisk  
  96  8:40  Hydralisk x2  
  102  8:42  Zergling x2  
  102  8:43  Zergling x4  
  105  8:50  Baneling x6  
  105  9:00  Zergling x14  
  105  9:01  Zergling x4  
  114  9:04  Baneling x9  
  111  9:26  Zergling x18  
  110  9:35  Zergling x2  
  110  9:36  Zergling x2  
  103  9:41  Hydralisk x3  
  106  9:48  Zergling x2  
  106  9:49  Zergling x6  
  106  9:51  Queen  
  106  9:52  Drone x5  
  117  9:56  Zergling x2  
  117  9:57  Zergling x4  
  120  10:00  Overlord  
  120  10:01  Overlord  
  120  10:05  Zerg Ground Armor Level 2  
  120  10:06  Zerg Missile Weapons Level 1  
  120  10:07  Infestation Pit  
  120  10:08  Zergling x4  
  120  10:09  Zergling x2  
  120  10:12  Baneling  
  120  10:13  Baneling x12  
  122  10:14  Zergling x2  
  122  10:15  Zergling x6  
  115  10:29  Hydralisk x9  
  133  10:41  Drone x9, Extractor x2  
  140  10:43  Overlord  
  140  10:50  Hydralisk  
  140  10:52  Overlord x3  
  142  10:59  Baneling x5  
  120  11:12  Hydralisk x2  
  120  11:13  Hydralisk x8  
  120  11:15  Zergling x14  
  120  11:16  Zergling x6  
  147  11:28  Drone  
  147  11:29  Drone x6  
  147  11:32  Drone  
  155  11:36  Hive  
  155  11:39  Drone x2  
  158  11:40  Drone  
  155  12:15  Overlord x3  
  155  12:31  Overlord x3  
  153  12:45  Drone, Spire  
  153  13:00  Hatchery  
  152  13:07  Burrow  
  152  13:11  Adrenal Glands, Ultralisk Cavern  
  152  13:12  Zerg Melee Weapons Level 3  
  151  13:13  Zerg Ground Armor Level 3  
  151  13:24  Baneling  
  151  13:25  Baneling x12  
  151  13:26  Zergling x46  
  151  13:27  Zergling x34  
  190  13:52  Hatchery  
  189  14:11  Overseer x2  
  189  14:12  Overseer  
  189  14:13  Corruptor x2  
  189  14:14  Corruptor x3  
  192  14:28  Zergling x10  
  192  14:29  Zergling x2  
  178  14:33  Hydralisk  
  178  14:34  Ultralisk x2  
  178  14:35  Ultralisk  
  181  14:41  Zergling x22  
  181  14:42  Zergling x4  
  181  14:43  Overlord x2  
  192  15:01  Corruptor x4  
  200  15:12  Extractor, Overlord  
  200  15:13  Extractor  
  186  15:30  Zergling x2  
  186  15:31  Zergling x22  
Tags
 
Add a new tag
Caveats
  • Supply blocks, unpowered buildings, or Contaminate may cause inaccurate times.
  • Supply counts are checked every 10 seconds.